AoeStats
← D.M.G.

Arena

510626190Analyzed
2v2 RM · 5h ago on Oct 1, 2026· 55m 10s· 4 players
Game mode
Random Map
Map size
Medium (4 player)
Population
200
Speed
Normal
Resources
Standard
Victory
Conquest
Starting age
Dark Age
Ending age
Imperial Age
RankedLock teamsTeams togetherTeam positionsShared explorationLock speedFull tech treeHidden civsTurbo modeCheats
Victory
Defeat
🇹🇷 Japanese · Türkiye
1251
+13
🇹🇷 Hindustanis · Türkiye
1205
+15
🇩🇪 Britons · Germany
1212
-15
🇩🇪 Persians · Germany
1157
-13
KomradeKeshik
10:49 Feudal Age
10:56 Feudal Age
12:25 Horse Collar
14:47 Castle Age
13:04 Double-Bit Axe
13:18 Double-Bit Axe
16:02 Forging
17:45 Wheelbarrow
18:34 Bow Saw
23:12 Wheelbarrow
24:14 Elite Skirmisher
24:17 Crossbowman
27:33 Imperial Age
26:00 Hand Cart
26:11 Loom
26:12 Town Watch
27:38 Ballistics
28:19 Arbalester
30:53 Chemistry
29:54 Padded Archer Armor
29:44 Fletching
31:33 Leather Archer Armor
31:13 Bodkin Arrow
31:35 Loom
31:50 Town Patrol
32:53 Two-Man Saw
32:49 Capped Ram
37:47 Bracer
38:17 Ring Archer Armor
39:18 Cavalier
41:05 Conscription
41:13 Yeomen
41:14 Conscription
40:41 Pikeman
44:30 Gold Mining
45:32 Halberdier
49:16 Onager
51:17 Masonry
52:41 Elite Skirmisher
52:51 Light Cavalry
54:00 Scale Mail Armor
54:06 Scale Barding Armor
54:40 Iron Casting
Santissima Trinidad
10:38 Feudal Age
11:46 Double-Bit Axe
14:10 Castle Age
12:22 Horse Collar
21:05 Bow Saw
21:47 Loom
22:48 Wheelbarrow
22:35 Heavy Plow
22:59 Gold Mining
26:22 Gold Shaft Mining
25:39 Stone Mining
29:14 Imperial Age
27:08 Scale Barding Armor
27:48 Ballistics
27:29 Murder Holes
28:16 Forging
28:27 Bloodlines
28:18 Husbandry
28:51 Cavalier
29:46 Padded Archer Armor
29:37 Fletching
36:14 Chain Barding Armor
36:49 Iron Casting
37:51 Conscription
37:16 Crossbowman
38:13 Leather Archer Armor
39:13 Chemistry
38:42 Hand Cart
39:22 Thumb Ring
40:09 Ring Archer Armor
40:17 Savar
43:33 Bodkin Arrow
50:19 Light Cavalry
50:38 Elite Skirmisher
HT
10:57 Feudal Age
14:32 Castle Age
12:23 Double-Bit Axe
12:53 Horse Collar
16:49 Bow Saw
19:53 Gold Mining
20:55 Loom
22:35 Scale Mail Armor
22:52 Forging
23:10 Squires
25:03 Wheelbarrow
26:08 Heavy Plow
27:11 Chain Mail Armor
33:07 Imperial Age
31:39 Hand Cart
32:33 Iron Casting
34:15 Town Watch
34:18 Arson
34:10 Man-at-Arms
34:14 Pikeman
34:47 Capped Ram
36:40 Two-Man Saw
35:10 Elite Samurai
36:37 Plate Mail Armor
38:31 Blast Furnace
37:41 Halberdier
39:11 Fletching
40:39 Town Patrol
40:37 Bodkin Arrow
48:02 Elite Skirmisher
48:43 Bracer
48:44 Padded Archer Armor
50:38 Leather Archer Armor
50:44 Ballistics
51:46 Chemistry
51:58 Ring Archer Armor
55:45 Scale Barding Armor
55:51 Masonry
55:23 Treadmill Crane
D.M.G.
11:32 Feudal Age
16:05 Castle Age
13:56 Horse Collar
14:05 Double-Bit Axe
17:45 Bow Saw
17:37 Heavy Plow
24:58 Wheelbarrow
28:20 Imperial Age
26:10 Hand Cart
27:29 Forging
27:25 Scale Barding Armor
27:33 Gold Mining
27:47 Grand Trunk Road
27:49 Husbandry
29:13 Iron Casting
28:25 Heavy Camel Rider
29:28 Chain Barding Armor
30:07 Conscription
30:23 Fletching
32:04 Blast Furnace
31:14 Shatagni
31:16 Padded Archer Armor
31:43 Bodkin Arrow
33:15 Chemistry
33:03 Ballistics
36:51 Bracer
37:07 Leather Archer Armor
37:27 Plate Barding Armor
40:49 Ring Archer Armor
40:15 Imperial Camel Rider
41:53 Scale Mail Armor
42:21 Bloodlines
41:34 Light Cavalry
42:32 Hussar
46:08 Elite Skirmisher
Connection lost

Rejoining the realm…

Still unreachable

The connection could not be restored.

Session expired

The server has moved on; the page needs a fresh start.